 Dungeon Crawl Stone Soup version 0.31.0-12-g77e489cdc1 (webtiles) character file.

Game seed: 18121824257329996646

1746 ANNNA the Chopper (level 8, -11/71 HPs)
             Began as a Minotaur Berserker on Feb 19, 2024.
             Was a Priest of Trog.
             Mangled by an ogre
             ... wielding a +0 giant spiked club
              (14 damage)
             ... on level 5 of the Dungeon.
             The game lasted 00:11:38 (5230 turns).

ANNNA the Chopper (Minotaur Berserker)              Turns: 5230, Time: 00:11:40

Health: -11/71     AC: 12    Str: 28    XL:     8   Next: 77%
Magic:  9/9        EV: 10    Int:  4    God:    Trog [***...]
Gold:   155        SH:  0    Dex:  9    Spells: 7/7 levels left

rFire   + . .        a - +0 hand axe
rCold   x . .        (no shield)
rNeg    . . .        h - +0 chain mail
rPois   .            (helmet restricted)
rElec   .            (no cloak)
rCorr   +            C - +0 pair of gloves
SInv    .            y - +0 pair of boots
Will    .....        (no amulet)
Stlth   x              - ring "Caeh" {Fire Fly rCorr Str+3}
HPRegen 0.31/turn    (no ring)
MPRegen 0.11/turn

%: no passive effects
@: on berserk cooldown, flying, slowed, very slow
A: horns 2, retaliatory headbutt
a: Renounce Religion, Berserk, Trog's Hand


You were on level 5 of the Dungeon.
You worshipped Trog.
Trog was most pleased with you.
You visited 1 branch of the dungeon, and saw 5 of its levels.
You also visited: Sewer.

You collected 255 gold pieces.
You spent 100 gold pieces at shops.

Inventory:

Hand Weapons
 a - a +0 hand axe (weapon)
Missiles
 f - 52 stones (quivered)
 n - 35 poisoned darts
Armour
 h - a +0 chain mail (worn)
 y - a +0 pair of boots (worn)
 C - a +0 pair of gloves (worn)
Jewellery
 x - the ring "Caeh" (left hand) {Fire Fly rCorr Str+3}
   (You found it on level 4 of the Dungeon)

   [ring of fire]

   Fire:      It enhances your fire magic.
   Str+3:     It affects your strength (+3).
   rF+:       It protects you from fire.
   rC-:       It makes you vulnerable to cold.
   Fly:       It grants you flight.
   rCorr:     It protects you from acid and corrosion.
 A - a ring of fire
Wands
 z - a wand of flame (21)
Scrolls
 b - 3 scrolls of poison {unknown}
 c - 3 scrolls of fear {unknown}
 d - 3 scrolls of amnesia {unknown}
 i - 2 scrolls of teleportation {unknown}
 j - a scroll of silence {unknown}
 k - 4 scrolls of identify {unknown}
 o - a scroll of noise {unknown}
 q - a scroll of enchant armour {unknown}
 t - a scroll of brand weapon {unknown}
 v - a scroll of enchant weapon {unknown}
 w - 2 scrolls of vulnerability {unknown}
 B - a scroll of revelation {unknown}
Potions
 e - 2 potions of mutation {unknown}
 g - 3 potions of invisibility {unknown}
 l - 3 potions of might {unknown}
 m - 5 potions of heal wounds
 p - a potion of curing {unknown}
 r - 2 potions of cancellation {unknown}
 s - a potion of haste {unknown}
 u - a potion of brilliance {unknown}
 D - a potion of attraction {unknown}


   Skills:
 * Level 6.7 Fighting
 * Level 6.9 Axes
 * Level 6.2 Armour
 * Level 5.6 Dodging
 + Level 3.0 Stealth
 + Level 3.6 Shields
 + Level 3.0 Invocations


You had 7 spell levels left.
You didn't know any spells.
Your spell library was empty.

Dungeon Overview and Level Annotations

Branches:
Dungeon (5/15)             Temple (0/1) D:5           Sewer (visited)

Altars:

Shops:
D:1 !   D:4 !


Innate Abilities, Weirdness & Mutations

You have a pair of horns on your head.
You reflexively headbutt those who attack you in melee.


Message History

The iguana barely misses you.
You barely miss the iguana. You headbutt the iguana.
You kill the iguana!
Trog accepts your kill.
Your Stealth skill increases to level 3!
No target in view!
You now have 155 gold pieces (gained 14).
D - a fizzy pink potion
There is a stone staircase leading up here.
An ogre comes into view. It is wielding a +0 giant spiked club.
The ogre shouts!
The ogre hits you with a +0 giant spiked club!!
You are too injured to fight recklessly!
You are too injured to fight recklessly!
Your skin crawls.
You feel strong-willed.
A red film seems to cover your vision as you go berserk!
You feel yourself moving faster!
You feel mighty! The ogre barely misses you.
You feel a strong urge to attack something.
You feel your anger nearly subside.
You are no longer berserk.
You are exhausted.
You feel yourself slow down.
You feel the effects of Trog's Hand fading.
The ogre barely misses you.
Your skin stops crawling.
You feel less strong-willed.
The ogre hits you with a +0 giant spiked club.
The ogre hits you with a +0 giant spiked club!!
The ogre attacks as it pursues you! The ogre barely misses you.
Okay, then.
The ogre attacks as it pursues you! The ogre barely misses you.
The ogre hits you with a +0 giant spiked club!
The ogre attacks as it pursues you!
The ogre hits you with a +0 giant spiked club!
* * * LOW HITPOINT WARNING * * *
The ogre hits you with a +0 giant spiked club!
* * * LOW HITPOINT WARNING * * *
The ogre attacks as it pursues you! The ogre hits you but does no damage.
The ogre hits you with a +0 giant spiked club!
You die...

......>.....#..## #.#.##### #.
#.....#######...###.#.# #.
.#.##.# #.....##.#.# #.##.
##.##.######.....##.#.# #.##.
...##.................# #.##.
#..##.................# #.##.
#..##########...###.#.# #.##.
.....########.#O###.#.#######.##.
..##..........#.@.............##.
...#..#############.#............
...#..# #.########..... ......#
#.# #..... ......# ###########.#
##.##. ##.#.## #...........#
#.##. ##.#.# #.########### #.##.
##.#.# #.# #.##. .#.#.# #.# #.##.


You could see an ogre.

Vanquished Creatures
  Pikel (D:4)
  An ice beast (D:5)
  A black bear (D:5)
  A kobold brigand (Sewer)
  Blork the orc (D:4)
  2 brain worms (Sewer)
  2 scorpions
  6 killer bees
  A bombardier beetle (D:5)
  A jelly (D:5)
  A hound (D:4)
  A sleepcap (D:5)
  5 iguanas
  Robin (D:4)
  3 gnolls (D:5)
  9 adders
  2 river rats
  A dart slug (D:1)
  7 orcs
  14 ball pythons
  4 bats
  5 endoplasms
  3 giant cockroaches
  19 goblins
  4 hobgoblins
  A jackal (Sewer)
  13 kobolds
  A quokka (D:3)
  7 frilled lizards
  6 rats
124 creatures vanquished.

Notes
Turn   | Place    | Note
-------+----------+-------------------------------------------
     0 | D:1      | ANNNA the Minotaur Berserker began the quest for the Orb.
     0 | D:1      | Reached XP level 1. HP: 19/19 MP: 0/0
   371 | D:1      | Reached XP level 2. HP: 27/27 MP: 1/1
   724 | D:1      | Found Adobuaru's Distillery.
   872 | D:2      | Reached ** piety under Trog
   878 | D:2      | Reached XP level 3. HP: 28/33 MP: 2/2
  1717 | D:3      | Reached XP level 4. HP: 38/40 MP: 3/3
  2084 | D:3      | Reached skill level 1 in Invocations
  2189 | D:4      | Noticed a lemure
  2189 | D:4      | Noticed a lemure
  2190 | D:4      | Noticed Pikel
  2191 | D:4      | Noticed a lemure
  2191 | D:4      | Noticed Blork the orc
  2237 | D:4      | Noticed a lemure
  2239 | D:4      | Noticed Robin
  2246 | D:3      | Reached skill level 1 in Stealth
  2246 | D:3      | Reached skill level 1 in Shields
  2300 | D:4      | Noticed a scorpion
  2307 | D:4      | Killed a scorpion
  2308 | D:4      | Reached XP level 5. HP: 47/47 MP: 4/4
  2324 | D:4      | Found a glowing drain.
  2385 | Sewer    | Entered a sewer
  2604 | Sewer    | Reached XP level 6. HP: 41/53 MP: 4/6
  2729 | Sewer    | Reached skill level 5 in Axes
  3249 | D:4      | Killed Pikel
  3250 | D:4      | Reached skill level 5 in Fighting
  3250 | D:4      | Reached skill level 5 in Armour
  3250 | D:4      | Reached XP level 7. HP: 53/62 MP: 7/7
  3391 | D:4      | Identified the ring "Caeh" {Fire Fly rCorr Str+3}
  3566 | D:4      | Killed Robin
  3567 | D:4      | Reached *** piety under Trog
  3584 | D:4      | Killed Blork the orc
  3585 | D:4      | Reached XP level 8. HP: 30/70 MP: 8/8
  3771 | D:4      | Found Yxezxush's Distillery.
  3779 | D:4      | Bought a potion of heal wounds for 50 gold pieces
  3779 | D:4      | Bought a potion of heal wounds for 50 gold pieces
  3932 | D:5      | Entered Level 5 of the Dungeon
  3936 | D:5      | Found a staircase to the Ecumenical Temple.
  4179 | D:5      | Reached skill level 5 in Dodging
  5226 | D:5      | HP: 1/71 [ogre/+0 giant spiked club (12)]
  5230 | D:5      | Mangled by an ogre

Illustrated notes

Levels and vault maps discovered:
D:1:      co_arrival_square_in_a_square_in_a_square, layout_basic, serial_shops,
          nicolae_shop_back_alley_shop
D:2:      layout_basic, nrook_mini_vaults, chequers_decorated_corner
D:3:      wander_river, layout_basic
D:4:      layout_cave_pools, cheibrodos_sewer_entry_sluice, serial_shops, shop,
          grunt_ministairs_9, uniq_robin, uniq_pikel, uniq_blork_the_orc
D:5:      layout_loops_ring, minmay_temple_entry_tees

Skill      XL: |  1  2  3  4  5  6  7  8 |
---------------+-------------------------+-----
Axes           | 4 5 6 |  6.9
Fighting       | 4 5 6 |  6.7
Armour         | 3 5 6 |  6.2
Invocations    | 1 2 3 |  3.0
Stealth        | 1 2 3 |  3.0
Shields        | 1 2 3 |  3.6
Dodging        | 3 4 5 |  5.6

Action                     |  1- 3 |  4- 6 |  7- 9 || total
---------------------------+-------+-------+-------++-------
  Melee: Hand axe          |    81 |   144 |   117 ||   342
         Headbutt          |     9 |    15 |    26 ||    50
         Punch             |       |       |     1 ||     1
  Throw: Dart              |       |     6 |       ||     6
 Invoke: Berserk           |       |     2 |     1 ||     3
         Trog's Hand       |       |       |     1 ||     1
 Armour: Animal skin       |     3 |       |       ||     3
         Chain mail        |    53 |   103 |   146 ||   302
         Scale mail        |    16 |       |       ||    16
  Dodge: Dodged            |    49 |    54 |    71 ||   174
